 Dungeon Crawl Stone Soup version 0.19.5 (webtiles) character file.

2400 Gargoyl the Skirmisher (level 9, -6/78 HPs)
             Began as a Ghoul Abyssal Knight on Mar 13, 2017.
             Was an Elder of Lugonu.
             Killed from afar by an electric eel (10 damage)
             ... with a bolt of electricity
             ... on level 6 of the Dungeon.
             The game lasted 00:12:31 (4896 turns).

Gargoyl the Skirmisher (Ghoul Abyssal Knight)       Turns: 4896, Time: 00:12:32

Health: -6/78      AC: 12    Str: 14 (16) XL:     9   Next: 46%
Magic:  12/12      EV:  2    Int:  7      God:    Lugonu [****..]
Gold:   282        SH: 17    Dex: 10 (11) Spells: 0 memorised, 8 levels left

rFire  . . .     SeeInvis .     i - +1 hand axe (drain)
rCold  + . .     Gourm    .     q - +0 chain mail
rNeg   + + +     Faith    .     d - +0 large shield
rPois  ∞         Spirit   .     (no helmet)
rElec  .         Reflect  +     s - +1 cloak
rCorr  .         Harm     .     (no gloves)
MR     .....                    (no boots)
Stlth  ..........               u - +5 amulet of reflection
                                (no ring)
                                (no ring)

@: rotting
A: rotting body, claws 1, carnivore 3, cold resistance 1, negative energy
resistance 3, slow regeneration 1, torment resistance, unbreathing
a: Depart the Abyss, Bend Space, Banish, Corrupt, Renounce Religion


You were on level 6 of the Dungeon.
You worshipped Lugonu.
Lugonu was greatly pleased with you.
You were not hungry.

You visited 1 branch of the dungeon, and saw 6 of its levels.
You visited the Abyss 1 time.
You also visited: Ossuary.

You collected 282 gold pieces.

Inventory:

Hand Weapons
 a - a +2 hand axe
 e - a +2 broad axe of flaming
 i - a +1 hand axe of draining (weapon)
Armour
 d - a +0 large shield (worn)
 q - a +0 chain mail (worn)
 s - a +1 cloak (worn)
Jewellery
 u - a +5 amulet of reflection (around neck)
Wands
 m - a wand of random effects (14/48)
 n - a wand of digging (11/24)
 t - a wand of random effects (29/48)
Scrolls
 k - 3 scrolls of recharging
 r - a scroll of magic mapping
 v - a scroll of fog {unknown}
 w - a scroll of blinking {unknown}
 y - 2 scrolls of identify
 z - 2 scrolls of teleportation
 C - a scroll of remove curse {unknown}
 D - a scroll of noise {unknown}
Potions
 b - 3 potions of berserk rage {unknown}
 g - 2 potions of degeneration {unknown}
 j - 2 potions of mutation
 o - a potion of invisibility {unknown}
 p - 3 potions of brilliance {unknown}
 A - a potion of resistance {unknown}
 B - a potion of curing {unknown}
 E - a potion of might {unknown}
Comestibles
 c - 3 meat rations
 f - 3 slices of pizza
 h - 2 beef jerkies
 l - 2 royal jellies


   Skills:
 + Level 6.6 Fighting
 + Level 6.3 Axes
 * Level 5.2 Armour
 + Level 2.1 Dodging
 + Level 3.6 Shields
 * Level 6.0 Invocations
 + Level 0.1 Evocations


You had 8 spell levels left.
You didn't know any spells.

Dungeon Overview and Level Annotations

Branches:
Dungeon (6/15)
 Temple: D:4-7

Altars:
Qazlal


Innate Abilities, Weirdness & Mutations

Your body is rotting away.
You thrive on raw meat.
You are immune to poison.
You have sharp fingernails.
You are carnivorous and can eat meat at any time.
Your flesh is cold resistant. (rC+)
You are immune to negative energy. (rN+++)
You regenerate slowly when monsters are visible.
You are immune to unholy pain and torment.
You can survive without breathing.


Message History

t - a wand of random effects The electric eel shoots out a bolt of lightning at you!
The bolt of electricity hits you!
The electric eel shoots out a bolt of lightning at you!
The bolt of electricity hits you!
* * * LOW HITPOINT WARNING * * *
The bolt of electricity hits you!
* * * LOW HITPOINT WARNING * * *
Okay, then.
Okay, then.
It was a potion of mutation.
You feel extremely strange.
Your body decomposes!
You feel weakened.
Your body decomposes!
You feel clumsy.
Your body decomposes!
You feel weakened.
The electric eel shoots out a bolt of lightning at you!
The bolt of electricity hits you!
You die...

#.###.........
#.....########.;≈≈≈≈.
#.###.# #........ #.#
#.# #..≈≈≈≈.. #.###.#
#..≈≈≈≈.≈ . #..)..#
#..≈≈≈≈.≈ ≈. ###.###
###..≈≈≈≈.≈ ≈≈. #.#
#....;≈≈≈.≈ ≈≈≈
#.#######@#..........
#...........######.#
#..######..........#
#..# #####.######
########..# #.#
..........# #.#
.....####.# #.#
.....####.# #.#
..........##########.#


You could see 2 electric eels.

Vanquished Creatures
  The ghost of tschems the Chopper, a novice HuFi (D:4)
  A hydra zombie (Abyss:1)
  Menkaure (D:6)
  A black bear (D:6)
  An ice beast (D:6)
  3 ogres
  Blork the orc (D:4)
  2 bullfrogs (D:6)
  2 water moccasin zombies (Ossuary)
  3 scorpions
  A howler monkey (D:6)
  The ghost of magipi the Slasher, a weakling DEBe of Trog (D:3)
  Crazy Yiuf (D:3)
  A bullfrog skeleton (D:5)
  3 orc priests
  2 orc wizards
  Natasha (thrice) (D:2)
  A worker ant (D:6)
  Ijyb (D:3)
  A killer bee zombie (D:5)
  3 big kobold zombies (Ossuary)
  A hound skeleton (D:5)
  2 mummies (Ossuary)
  4 gnolls (D:6)
  10 adders
  2 oozes (D:1)
  3 adder zombies (Ossuary)
  An adder skeleton (D:5)
  A worm (D:2)
  2 dart slugs (D:3)
  3 leopard geckos
  11 orcs
  11 bats
  6 giant cockroaches
  2 gnoll zombies (Ossuary)
  8 goblins
  6 hobgoblins
  2 quokkas
  2 ball pythons
  5 frilled lizards
  A giant cockroach zombie (D:5)
  5 hobgoblin zombies (Ossuary)
  7 kobolds
  3 kobold zombies (Ossuary)
  3 orc zombies (Ossuary)
  A quokka skeleton (D:4)
  9 rats
  A demonic plant (Abyss:1)
146 creatures vanquished.

Notes
Turn   | Place    | Note
-------+----------+-------------------------------------------
     0 | Abyss:1  | Gargoyl the Ghoul Abyssal Knight began the quest for the Orb.
     0 | Abyss:1  | Reached XP level 1. HP: 19/19 MP: 1/1
    30 | Abyss:1  | Found a corrupted altar of Lugonu.
   158 | Abyss:1  | Found a corrupted altar of Lugonu.
   187 | Abyss:1  | Noticed a wizard
   194 | Abyss:1  | Noticed a four-headed hydra zombie
   201 | Abyss:1  | Killed a one-headed hydra zombie
   201 | Abyss:1  | Reached skill level 5 in Fighting
   201 | Abyss:1  | Reached skill level 1 in Dodging
   201 | Abyss:1  | Reached XP level 2. HP: 17/29 MP: 2/2
   201 | Abyss:1  | Reached XP level 3. HP: 21/36 MP: 3/3
   201 | Abyss:1  | Reached XP level 4. HP: 25/42 MP: 4/4
   201 | Abyss:1  | Reached XP level 5. HP: 29/48 MP: 5/5
   201 | Abyss:1  | Reached XP level 6. HP: 33/56 MP: 6/6
   205 | D:1      | Escaped the Abyss
   687 | D:1      | Reached * piety under Lugonu
  1332 | D:2      | Noticed Natasha
  1345 | D:2      | Killed Natasha
  1394 | D:2      | Noticed Natasha
  1406 | D:2      | Killed Natasha
  1495 | D:2      | Noticed Natasha
  1508 | D:2      | Killed Natasha
  1711 | D:2      | Reached ** piety under Lugonu
  1857 | D:3      | Noticed Ijyb
  1868 | D:3      | Killed Ijyb
  1991 | D:3      | Reached skill level 1 in Shields
  1991 | D:3      | Reached XP level 7. HP: 28/61 MP: 8/8
  2231 | D:3      | Noticed magipi's ghost (weakling DEBe)
  2243 | D:3      | Killed magipi's ghost
  2285 | D:3      | Found a runed door.
  2769 | D:3      | Noticed Crazy Yiuf
  2776 | D:3      | Killed Crazy Yiuf
  2930 | D:4      | Noticed Blork the orc
  2938 | D:4      | Killed Blork the orc
  3139 | D:4      | Noticed tschems's ghost (novice HuFi)
  3161 | D:4      | Killed tschems's ghost
  3161 | D:4      | Reached XP level 8. HP: 18/70 MP: 8/10
  3162 | D:4      | Reached *** piety under Lugonu
  3255 | D:4      | Reached skill level 5 in Axes
  3408 | D:5      | Entered Level 5 of the Dungeon
  4170 | D:6      | Found a stormy altar of Qazlal.
  4238 | D:6      | Reached skill level 5 in Armour
  4256 | D:6      | Reached skill level 5 in Invocations
  4256 | D:6      | Reached XP level 9. HP: 51/78 MP: 11/11
  4402 | D:6      | Noticed Menkaure
  4414 | D:6      | Killed Menkaure
  4533 | D:6      | Found a sand-covered staircase.
  4542 | Ossuary  | Entered an ossuary
  4613 | Ossuary  | Reached **** piety under Lugonu
  4872 | D:6      | Noticed a hill giant
  4895 | D:6      | HP: 3/78 [electric eel/bolt of electricity (13)]
  4896 | D:6      | Killed from afar by an electric eel

Skill      XL: |  1  2  3  4  5  6  7  8  9 |
---------------+----------------------------+-----
Fighting       | 5 6 |  6.6
Axes           | 3 4 5 6 |  6.3
Armour         | 2 3 4 5 |  5.2
Dodging        | 1 2 |  2.1
Shields        | 1 2 3 |  3.6
Invocations    | 4 5 6 |  6.0
Evocations     | |  0.1

Action                   |  1- 3 |  4- 6 |  7- 9 || total
-------------------------+-------+-------+-------++-------
Melee: Hand axe          |    63 |   174 |    76 ||   313
       Broad axe         |       |       |   240 ||   240
Invok: Depart the Abyss  |       |     1 |       ||     1
Evoke: Wand              |       |       |     4 ||     4
  Use: Scroll            |       |     4 |     6 ||    10
       Potion            |       |       |     1 ||     1
  Eat: Chunk             |       |    22 |    42 ||    64
Armor: Scale mail        |       |    67 |    20 ||    87
       Leather armour    |       |     6 |       ||     6
       Chain mail        |       |       |    86 ||    86
Dodge: Dodged            |     3 |    37 |    31 ||    71
Block: Large shield      |       |   116 |   269 ||   385
       Reflection        |       |       |     3 ||     3
